 Dungeon Crawl Stone Soup version 0.30-a0-596-g0af90f9a20 (webtiles) character file.

Game seed: 13602943790764805430

252 spardeous the Digger (level 5, -13/21 HPs)
             Began as a Felid Earth Elementalist on Jan 7, 2023.
             Shot with a bolt by an orc warrior (27 damage)
             ... on level 5 of the Dungeon.
             The game lasted 00:03:21 (2249 turns).

spardeous the Digger (Felid Earth Elementalist)     Turns: 2249, Time: 00:03:22

Health: -13/21     AC:  1    Str:  4    XL:     5   Next: 89%
Magic:  7/9        EV: 19    Int: 19    God:
Gold:   158        SH:  0    Dex: 16    Spells: 7/8 levels left
                                        Lives:  0   Deaths: 1

rFire   . . .      SeeInvis +    (weapon unavailable)
rCold   . . .      Faith    .    (shield unavailable)
rNeg    . . .      Spirit   .    (body armour unavailable)
rPois   .          Reflect  .    (helmet unavailable)
rElec   .          Harm     .    (cloak unavailable)
rCorr   .          Rampage  .    (gloves unavailable)
Will    .....                    (boots unavailable)
Stlth   ++                       (no amulet)
HPRegen 0.23/turn                (no ring)
MPRegen 0.11/turn                (no ring)

@: quick
A: very small, claws 1, fangs 3, see invisible, speed 1, shaggy fur 1, stealthy
paws, no weapons or thrown items, no armour, multi-lived
a: no special abilities


You were on level 5 of the Dungeon.
You visited 1 branch of the dungeon, and saw 5 of its levels.

You collected 158 gold pieces.

Inventory:

Scrolls
 b - 4 scrolls of fog {unknown}
 c - a scroll of enchant armour {unknown}
 d - 3 scrolls of teleportation {unknown}
 g - a scroll of blinking {unknown}
 h - a scroll of torment {unknown}
 i - a scroll of magic mapping {unknown}
 j - a scroll of acquirement {unknown}
Potions
 a - 2 potions of magic
 e - a potion of curing {unknown}
 f - a potion of resistance {unknown}


   Skills:
 - Level 0.2 Fighting
 + Level 5.1 Dodging
 - Level 2.6 Stealth
 - Level 2.0 Spellcasting
 - Level 1.1 Transmutations
 + Level 5.5 Earth Magic


You had 7 spell levels left.
You knew the following spells:

 Your Spells              Type           Power      Damage    Failure   Level
a - Sandblast             Erth           46%        2d11      1%          1

Your spell library contained the following spells:

 Spells                   Type           Power      Damage    Failure   Level
 Passwall                 Tmut/Erth      11%        N/A       6%          2
 Stone Arrow              Conj/Erth      24%        3d8       16%         3
 Petrify                  Tmut/Erth      14%        N/A       38%         4
 Frozen Ramparts          Ice            2%         1d1       45%         3
 Ice Form                 Ice/Tmut       3%         N/A       80%         4
 Summon Ice Beast         Ice/Summ       1%         N/A       86%         4


Dungeon Overview and Level Annotations

Branches:
Dungeon (5/15)
 Temple: D:4-7

Altars:


Innate Abilities, Weirdness & Mutations

You have sharp claws.
You have razor-sharp teeth.
You have supernaturally acute eyesight. (SInv)
You cover ground quickly. (Speed+)
You are covered in fur. (AC +1)
Your paws help you pounce on unaware monsters.
You are incapable of wielding weapons or throwing items.
You cannot wear armour.
You gain extra lives every three experience levels.


Message History

Aiming: Sandblast (safe; 1% risk of failure)
Press: ? - help, Shift-Dir - straight line, f/p - orc warrior
Aim: an orc warrior, wielding a +0 arbalest and wearing a +0 chain mail (81% to hit)
The blast of sand hits the orc warrior but does no damage.
The orc warrior shoots a bolt.
The bolt barely misses you.
Casting: Sandblast (safe; 1% risk of failure)
Confirm with . or Enter, or press ? or * to list all spells.
Aiming: Sandblast (safe; 1% risk of failure)
Press: ? - help, Shift-Dir - straight line, f/p - orc warrior
Aim: an orc warrior, wielding a +0 arbalest and wearing a +0 chain mail (81% to hit)
The blast of sand hits the orc warrior but does no damage.
The orc warrior shoots a bolt.
The bolt hits you!
Ouch! That really hurt!
* * * LOW HITPOINT WARNING * * *
The orc warrior shoots a bolt.
The bolt misses you.
You start resting.
An orc warrior is nearby!
You start resting.
An orc warrior is nearby!
Sorry, you're not good enough to have a special ability.
Unknown command.
Casting: Sandblast (safe; 1% risk of failure)
Confirm with . or Enter, or press ? or * to list all spells.
Aiming: Sandblast (safe; 1% risk of failure)
Press: ? - help, Shift-Dir - straight line, f/p - orc warrior
Aim: an orc warrior, wielding a +0 arbalest and wearing a +0 chain mail (81% to hit)
The blast of sand hits the orc warrior.
The orc warrior is lightly wounded.
The orc warrior shoots a bolt.
The bolt misses you.
The orc warrior shoots a bolt.
The bolt misses you.
Casting: Sandblast (safe; 1% risk of failure)
Confirm with . or Enter, or press ? or * to list all spells.
Aiming: Sandblast (safe; 1% risk of failure)
Press: ? - help, Shift-Dir - straight line, f/p - orc warrior
Aim: an orc warrior, wielding a +0 arbalest and wearing a +0 chain mail (lightly wounded, 81% to hit)
The blast of sand hits the orc warrior.
The orc warrior is moderately wounded.
The orc warrior shoots a bolt.
The bolt hits you!!
Ouch! That really hurt!
You die...

#.#....##.######.####..###.#
..##.#.##..............# #†#
####.#.##.#.........o..###†######
#........####.#.#.#........<..
###.##.######.#.#.############
#.##......#.#.#.#
#.##.####.#.#>#.#
#.##.####.....#.#
#..........@###.#
####..........o.# ##############


You could see an orc warrior.

Vanquished Creatures
  2 scorpions (D:5)
  A necrophage (D:4)
  A hound (D:5)
  An iguana (D:5)
  2 adders
  2 shadow imps (D:5)
  2 dart slugs
  An orc (D:4)
  3 endoplasms
  4 giant cockroaches
  7 goblins
  6 hobgoblins
  5 jackals
  3 kobolds
  2 quokkas
  2 ball pythons
  2 rats (D:1)
46 creatures vanquished.

Notes
Turn   | Place    | Note
-------+----------+-------------------------------------------
     0 | D:1      | spardeous the Felid Earth Elementalist began the quest for
                  | the Orb.
     0 | D:1      | Reached XP level 1. HP: 7/7 MP: 4/4
    90 | D:1      | Reached XP level 2. HP: 11/11 MP: 0/6
   475 | D:3      | Reached XP level 3. HP: 14/14 MP: 5/7
  1066 | D:4      | Noticed a necrophage
  1089 | D:4      | Killed a necrophage
  1090 | D:4      | Reached XP level 4. HP: 18/18 MP: 4/8
  1611 | D:5      | Entered Level 5 of the Dungeon
  1618 | D:5      | Noticed an orc warrior
  1620 | D:5      | Shot with a bolt by an orc warrior
  1621 | D:5      | Reached XP level 3. HP: 0/14 MP: 3/7
  1621 | D:5      | Reached XP level 4. HP: 18/18 MP: 8/8
  1624 | D:5      | Noticed a scorpion
  1628 | D:5      | Reached skill level 5 in Earth Magic
  1643 | D:5      | Killed a scorpion
  1644 | D:5      | Reached XP level 5. HP: 3/21 MP: 0/9
  1867 | D:5      | Reached skill level 5 in Dodging
  2249 | D:5      | Shot with a bolt by an orc warrior

Illustrated notes

Levels and vault maps discovered:
D:1:      mrwooster_arrival_statue, layout_basic
D:2:      layout_basic, minmay_splitting_lines
D:3:      layout_basic, serial_curves, eino_curves_04, eino_curves_02,
          bh_walls_and_bars
D:4:      layout_gridville
D:5:      layout_loops_ring, guppyfry_early_orc_mine

Skill      XL: |  1  2  3  4  5 |
---------------+----------------+-----
Earth Magic    | 3 4 5 |  5.5
Dodging        | 3 4 5 |  5.1
Fighting       | |  0.2
Stealth        | |  2.6
Spellcasting   | |  2.0
Transmutations | |  1.1

Action                   |  1- 3 |  4- 6 || total
-------------------------+-------+-------++-------
Melee: Unarmed           |     2 |       ||     2
       Bite              |     1 |       ||     1
 Cast: Sandblast         |    57 |    42 ||    99
Armor: Skin              |     3 |       ||     3
Dodge: Dodged            |    21 |    31 ||    52

Table legend: (Time is in decaauts)
 A = Elapsed time spent in this place.
 B = Non-inter-level travel time spent in this place.
 C = Inter-level travel time spent in this place.
 D = Time resting spent in this place.
 E = Time spent auto-exploring this place.
 F = Levels seen in this place.
 G = Mean time per level.
                   A        B        C        D        E       F      G
               +--------+--------+--------+--------+--------+-----+--------+
         Total |   2076 |   2055 |     21 |    268 |   1426 |   5 |  415.2 |
       Dungeon |   2076 |   2055 |     21 |    268 |   1426 |   5 |  415.2 |
               +--------+--------+--------+--------+--------+-----+--------+

Top non-repeatable levels by time:
     D:4: 904 daAuts
     D:5: 623 daAuts
     D:2: 276 daAuts
     D:3: 140 daAuts
     D:1: 132 daAuts
